 Dungeon Crawl Stone Soup version bcrawl-1.12-8-g964540c432 (webtiles) character file.

Game seed: 3214815863581563137

1 MisterOstroum the Sneak (level 1, -2/15 HPs)
             Began as a Formicid Archaeologist on June 8, 2019.
             Slain by a hobgoblin
             ... wielding a +0 club
              (6 damage)
             ... on level 2 of the Dungeon.
             The game lasted 00:00:54 (111 turns).

MisterOstroum the Sneak (Formicid Archaeologist)     Turns: 111, Time: 00:00:55

Health: -2/15      AC:  7    Str: 15    XL:     1   Next: 22%
Magic:  1/1        EV: 12    Int: 13    God:
Gold:   20         SH:  0    Dex:  9    Spells: 0/0 levels left

rFire    . . .     SeeInvis +   (no weapon)
rCold    . . .     Gourm    .   (no shield)
rNeg     . . .     Faith    .   a - +1 robe
rPois    .         Spirit   .   (helmet unavailable)
rElec    .         Reflect  .   (no cloak)
rCorr    .         Harm     .   c - +1 pair of gloves
MR       .....                  b - +1 pair of boots
Stlth    ++........             (no amulet)
HPRegen  0.05/turn              (no ring)
MPRegen  0.07/turn              (no ring)

@: no status effects
A: permanent stasis, dig shafts and tunnels, four strong arms, antennae 3
a: Dig, Shaft Self


You were on level 2 of the Dungeon.
You were not hungry.

You visited 1 branch of the dungeon, and saw 2 of its levels.

You collected 20 gold pieces.

Inventory:

Armour
 a - a +1 robe (worn)
 b - a +1 pair of boots (worn)
 c - a +1 pair of gloves (worn)
Miscellaneous
 d - a dusty tome
 f - an ancient crate
Comestibles
 e - a ration {!d}


   Skills:
 + Level 1.3 Fighting
 - Level 2.6 Dodging
 - Level 4.0 Stealth


You couldn't memorise any spells.
You didn't know any spells.
Your spell library was empty.

Dungeon Overview and Level Annotations

Branches:
Dungeon (1/12)

Altars:


Innate Abilities, Weirdness & Mutations

You cannot be hasted, slowed, berserked, paralysed or teleported.
You can dig through walls and to a lower floor.
Your four strong arms can wield two-handed weapons with a shield.
You have a pair of large antennae on your head. (SInv)


Message History

The bat barely misses you. The kobold barely misses you.
You hit the kobold.
The kobold is severely wounded.
The bat hits you but does no damage. x2; The kobold misses you.
You barely miss the kobold.
The kobold is severely wounded.
The bat barely misses you. The kobold barely misses you.
You hit the kobold but do no damage.
The kobold is severely wounded.
The bat closely misses you. The kobold closely misses you.
The kobold throws a stone.
The stone hits you but does no damage.
You closely miss the kobold.
The kobold is severely wounded.
The bat barely misses you. The kobold closely misses you.
You closely miss the kobold.
The kobold is severely wounded.
The bat barely misses you. The bat hits you but does no damage.
The kobold misses you.
The kobold throws a stone.
The stone hits you but does no damage.
Search for what [? for help]? wepon Can't find anything matching that.
The bat barely misses you.
The kobold throws a stone.
The stone hits you but does no damage. The bat closely misses you.
The bat misses you. The bat hits you but does no damage.
The bat barely misses you. The bat barely misses you.
The bat hits you but does no damage. The bat misses you. The bat misses you.
The bat hits you but does no damage. The kobold hits you but does no damage.
You closely miss the kobold.
The kobold is severely wounded.
The bat barely misses you. The kobold hits you but does no damage.
You hit the kobold but do no damage.
The kobold is severely wounded.
The kobold barely misses you. The bat barely misses you.
You closely miss the kobold.
The kobold is severely wounded.
The bat hits you but does no damage. The kobold misses you.
You barely miss the kobold.
The kobold is severely wounded.
The bat barely misses you. The kobold closely misses you.
You hit the kobold but do no damage.
The kobold is severely wounded.
The kobold hits you but does no damage. The bat closely misses you.
The bat hits you but does no damage. The dart slug launches a dart at you.
The slug dart hits you! The bat closely misses you.
You hit the kobold but do no damage.
The kobold is severely wounded.
The kobold closely misses you.
You hit the kobold but do no damage.
The kobold is severely wounded.
The kobold misses you.
You barely miss the kobold.
The kobold is severely wounded.
The kobold closely misses you.
You closely miss the kobold.
The kobold is severely wounded.
The kobold hits you but does no damage.
You barely miss the kobold.
The kobold is severely wounded.
The kobold hits you but does no damage.
You closely miss the kobold.
The kobold is severely wounded.
You barely miss the kobold.
The kobold is severely wounded.
The kobold hits you with a +0 club.
* * * LOW HITPOINT WARNING * * *
You hit the kobold.
You kill the kobold!
The bat misses you. The bat closely misses you. The kobold closely misses you.
The dart slug launches a dart at you. The slug dart misses you.
You see here a +0 club.
The kobold throws a stone.
The stone barely misses you. The bat closely misses you.
The bat hits you but does no damage.
You barely miss the bat. The bat hits you but does no damage.
The bat closely misses you.
You closely miss the bat. The bat hits you but does no damage.
The bat hits you.
* * * LOW HITPOINT WARNING * * *
The bat misses you. The bat hits you but does no damage.
The bat hits you but does no damage.
There is a shaft here.
Really dive through this shaft in the floor?
You fall through a shaft!
The shaft crumbles and collapses.
A hobgoblin comes into view. It is wielding a +0 club.
Found a ration.
Unknown command.
The helpless hobgoblin fails to defend itself.
You hit the hobgoblin.
The hobgoblin is lightly wounded.
The hobgoblin hits you with a +0 club.
You die...

.# .# { .#
.# # .#
###.####.##
..........#
#....@#
####g...#
#.#.## #.
.# .% .#
.## .# . .#
# .#


You could see a hobgoblin.

Vanquished Creatures
  A frilled lizard (D:1)
  A kobold (D:1)
2 creatures vanquished.

Notes
Turn   | Place    | Note
-------+----------+-------------------------------------------
     0 | D:1      | MisterOstroum the Formicid Archaeologist began the quest
                  | for the Orb.
     0 | D:1      | Reached XP level 1. HP: 15/15 MP: 1/1
   110 | D:1      | You fall through a shaft!
   111 | D:2      | Slain by a hobgoblin

Action                   || total
-------------------------++-------
Melee: Unarmed           ||    36
 Stab: Sleeping          ||     1
Armor: Robe              ||    30
Dodge: Dodged            ||    75
